 Dungeon Crawl Stone Soup version 0.27.0-1-g7a089689b8 (webtiles) character file.

Game seed: 7586821369014568824

143057 ZombieSheep the Severer (level 16, 0/134 HPs)
             Began as a Demonspawn Berserker on Aug 11, 2021.
             Was the Champion of Trog.
             Killed from afar by Aizul (4 damage)
             ... with a bolt of poison
             ... on level 1 of the Snake Pit.
             The game lasted 01:14:19 (34372 turns).

ZombieSheep the Severer (Demonspawn Berserker)     Turns: 34372, Time: 01:14:20

Health: 0/134      AC: 20    Str: 20    XL:     16   Next: 81%
Magic:  0/16       EV: 16    Int: 11    God:    Trog [******]
Gold:   661        SH:  6    Dex: 21    Spells: 15/15 levels left

rFire    + . .     SeeInvis +   b - +9 broad axe (vorpal)
rCold    + . .     Faith    .   e - +0 buckler
rNeg     . . .     Spirit   +   x - +1 scale mail of Gioc Ota {Drain rElec rC+ Regen+}
rPois    .         Reflect  .   d - +1 helmet {SInv}
rElec    +         Harm     .   N - +0 cloak {rF+}
rCorr    .         Rampage  .   f - +1 pair of gloves
Will     +....                  (no boots)
Stlth    ++++++....             n - amulet of the acrobat
HPRegen  1.32/turn              j - +4 ring of protection
MPRegen  0.30/turn              (no ring)

@: lethally poisoned (0 -> -23)
A: hooves 2, thin skeletal structure 3, demonic guardian 2, magic shield, magic
regeneration, corrupting presence 1
a: Renounce Religion, Berserk, Trog's Hand, Brothers in Arms


You were on level 1 of the Snake Pit.
You worshipped Trog.
Trog was exalted by your worship.
You visited 4 branches of the dungeon, and saw 24 of its levels.
You also visited: Volcano.

You collected 2359 gold pieces.
You spent 1698 gold pieces at shops.

Inventory:

Hand Weapons
 a - a +0 hand crossbow
 b - a +9 vorpal broad axe (weapon)
 P - a +4 broad axe of flaming
Missiles
 o - 3 throwing nets (quivered)
 D - 146 bolts
Armour
 d - a +1 helmet of see invisible (worn)
 e - a +0 buckler (worn)
 f - a +1 pair of gloves (worn)
 k - the +2 chain mail "Ezanil" {Fly Slay+5}
   (You bought it in a shop on level 12 of the Dungeon)

   Slay:      It affects your accuracy & damage with ranged weapons and melee
   (+5).
   Fly:       It grants you flight.
 q - +0 acid dragon scales
 x - the +1 scale mail of Gioc Ota (worn) {Drain rElec rC+ Regen+}
   (You found it on level 5 of the Lair of Beasts)

   rC:        It protects you from cold.
   rElec:     It insulates you from electricity.
   Regen:     It increases your rate of health regeneration.
   Drain:     It drains your maximum health when unequipped.
 N - a +0 cloak of fire resistance (worn)
Jewellery
 j - a +4 ring of protection (left hand)
 n - an amulet of the acrobat (around neck)
Wands
 y - a wand of mindburst (7)
 B - a wand of flame (55)
 C - a wand of iceblast (21)
 F - a wand of digging (3)
 M - a wand of charming (6)
 O - a wand of paralysis (18)
 S - a wand of polymorph (12)
Scrolls
 c - 5 scrolls of identify
 i - 4 scrolls of fog
 s - 3 scrolls of fear
 u - a scroll of brand weapon
 v - a scroll of enchant armour
 z - 4 scrolls of blinking
 E - a scroll of silence
 H - 9 scrolls of teleportation
 J - a scroll of magic mapping
 R - 2 scrolls of enchant weapon
Potions
 g - 3 potions of haste
 h - 8 potions of mutation
 l - a potion of cancellation
 m - a potion of invisibility
 r - 4 potions of curing
 t - 2 potions of berserk rage
 w - a potion of resistance
 A - a potion of lignification
 G - 2 potions of magic
 I - 2 potions of might
 L - 17 potions of ambrosia
 Q - 4 potions of flight
Miscellaneous
 K - a lightning rod (3/4)


   Skills:
 - Level 14.5 Fighting
 + Level 15.5 Axes
 + Level 4.7 Crossbows
 + Level 10.1 Armour
 - Level 10.1 Dodging
 + Level 8.2 Stealth
 - Level 5.8 Shields
 - Level 10.3 Evocations


You had 15 spell levels left.
You didn't know any spells.
Your spell library was empty.

Dungeon Overview and Level Annotations

Branches:
Dungeon (15/15)            Temple (0/1) D:7            Lair (6/6) D:10
 Shoals (0/4) Lair:3        Snake (1/4) Lair:3        Slime (0/5) Lair:6
    Orc (2/2) D:11            Elf (0/3) Orc:2        Vaults (0/5) D:14
 Depths (0/5) D:15        Volcano (visited)

Altars:
Ashenzari
Cheibriados
Fedhas
Nemelex Xobeh
Vehumet
Yredelemnul
Beogh
Jiyva

Shops:
D:4 *   D:6 (   D:8 (   D:11 *   D:12 *   Orc:2 :*[(   Snake:1 ?

Annotations:
D:4 2 runed translucent doors, 0gre's ghost, amateur GnIE
D:11 2 runed translucent doors, exclusion: orange crystal statue, Ariptu's ghost, journeyman MiFi
Lair:4 exclusion: 4 oklob plants
Snake:1 Aizul


Innate Abilities, Weirdness & Mutations

You have hoof-like feet.
You have an unnaturally thin skeletal structure. (Dex +6, Stealth+++)
A demonic guardian rushes to your aid.
When hurt, damage is shared between your health and your magic reserves.
You regenerate magic rapidly.
Your presence sometimes corrodes those you injure.


Message History

Aizul is moderately wounded.
You feel extremely sick. Aizul hits you but does no damage. x2
You slash Aizul! Your kick misses Aizul.
Aizul is moderately wounded.
You feel extremely sick. You block Aizul's attack.
Unknown command.
You feel better. Aizul hits you!
Aizul says, "I wasn't actually sleeping!"
Aizul casts a spell at you. The bolt of poison hits you!!
You are poisoned.
* * * LOW HITPOINT WARNING * * *
You hit Aizul. You kick Aizul, but do no damage.
Aizul is moderately wounded.
You feel very sick.
Aizul coils herself and waves her upper body at you.
The bolt of poison hits you!
You are more poisoned.
* * * LOW HITPOINT WARNING * * *
A demonic guardian appears!
You completely miss Aizul. Your kick misses Aizul.
Aizul is moderately wounded.
* * * LOW HITPOINT WARNING * * *
You feel extremely sick. Aizul hits you but does no damage.
You hit Aizul but do no damage. You kick Aizul.
Aizul is heavily wounded.
* * * LOW HITPOINT WARNING * * *
You feel very sick. You block Aizul's attack.
You completely miss Aizul. You kick Aizul.
Aizul is heavily wounded.
* * * LOW HITPOINT WARNING * * *
You feel very sick.
Aizul coils herself and waves her upper body at you.
The bolt of poison hits you!
You are more poisoned.
You die...

(......# #......#
#(....# #.....#
#.(...# #$....#
#.3S.## #..@..##
#......###### ...
#...........# ...#
#..(........# #...#
##...........#
#...## #...........#
# #?...#
##...........# ##
#...###............#
.#
#.................#


You could see Aizul (ally target) and a friendly soul eater (summoned).

Vanquished Creatures
  Kirke (Lair:3)
  2 orc warlords (Orc:1)
  Azrael (D:12)
  A fire dragon (Lair:6)
  A vault guard (D:14)
  19 hydras
  Harold (D:7)
  A rakshasa (D:14)
  4 boulder beetles
  Josephine (Orc:2)
  A naga warrior (Snake:1)
  6 centaur warriors
  An ogre mage (Orc:1)
  10 two-headed ogres
  A death knight (D:14)
  10 death yaks
  Urug (Lair:4)
  4 orc high priests
  2 tengu warriors (D:13)
  A naga sharpshooter (Snake:1)
  Sonja (D:12)
  A fire crab (shapeshifter) (D:13)
  A sea snake (Snake:1)
  6 skeletal warriors
  2 wizards (D:14)
  A lindwurm (Lair:6)
  4 orc knights
  A harpy (shapeshifter) (D:13)
  A deep elf pyromancer (D:15)
  2 mana vipers (Lair:3)
  A necromancer (D:13)
  6 manticores
  A mana viper (shapeshifter) (D:15)
  15 ugly things
  5 orc sorcerers
  A wolf spider (D:15)
  3 cyclopes
  4 salamanders
  16 black mambas
  3 naga magi (Snake:1)
  2 torpor snails
  4 gargoyles
  16 elephants
  2 molten gargoyles (Lair:6)
  Psyche (D:9)
  A kobold demonologist (D:14)
  14 cane toads
  An unseen horror (D:13)
  2 freezing wraiths
  An efreet (D:13)
  3 yaktaurs (D:14)
  5 rime drakes
  10 komodo dragons
  2 meliai (Lair:4)
  9 trolls
  2 queen bees
  18 blink frogs
  A hornet (D:9)
  7 slime creatures (D:14)
  7 polar bears
  A dream sheep (Lair:3)
  A water elemental (D:11)
  A redback (D:13)
  3 shadows
  7 wraiths
  2 spriggans (shapeshifter) (D:13)
  54 yaks
  5 fire bats
  12 vampire mosquitoes
  11 wyverns
  19 humans (D:14)
  3 hogs
  13 basilisks
  4 steam dragons
  3 fire elementals (D:12)
  Menkaure (D:7)
  2 wargs
  An acid dragon (D:5)
  A naga (Snake:1)
  20 water moccasins
  9 hell hounds
  A black bear (Lair:4)
  An ice beast (D:7)
  44 orc warriors
  2 sky beasts (D:7)
  9 ogres
  11 wolves
  12 centaurs
  A phantom (D:5)
  4 kobold brigands
  12 bullfrogs
  2 gnoll sergeants
  A wyvern zombie (D:4)
  3 scorpions
  A water moccasin zombie (D:5)
  A wyvern skeleton (D:7)
  63 killer bees
  9 wights
  3 electric eels
  4 howler monkeys
  5 lava snakes (Lair:6)
  4 hounds
  9 centaur zombies
  33 orc priests
  A bullfrog skeleton (D:6)
  3 jellies
  Crazy Yiuf (D:3)
  7 iguanas
  30 orc wizards
  A killer bee zombie (D:8)
  A howler monkey zombie (D:9)
  6 gnolls
  2 howler monkey skeletons
  7 adders
  A shadow imp (D:6)
  3 ufetubi
  2 worms (D:2)
  3 dart slugs
  77 orcs
  5 endoplasms
  4 giant cockroaches
  5 goblins
  6 hobgoblins
  7 jackals
  2 quokkas
  4 ball pythons
  2 bats
  7 frilled lizards
  20 kobolds
  5 rats
872 creatures vanquished.

Vanquished Creatures (collateral kills)
  An orc high priest (Orc:2)
  A death yak (Lair:4)
  A black mamba (Lair:4)
  A meliai (Lair:4)
  A killer bee (Lair:4)
  An orc wizard (Orc:2)
  An orc (Orc:2)
7 creatures vanquished.

Vanquished Creatures (others)
  2 humans (Snake:1)
  2 orcs
  A bush (Lair:2)
  45 fungi
  51 plants
101 creatures vanquished.

Grand Total: 980 creatures vanquished

Notes
Turn   | Place    | Note
-------+----------+-------------------------------------------
     0 | D:1      | ZombieSheep the Demonspawn Berserker began the quest for
                  | the Orb.
     0 | D:1      | Reached XP level 1. HP: 18/18 MP: 1/1
   392 | D:1      | Gained mutation: You have large cloven feet. [demonic
                  | ancestry]
   392 | D:1      | Reached XP level 2. HP: 9/24 MP: 2/2
   747 | D:1      | Reached skill level 1 in Shields
  1275 | D:1      | Reached XP level 3. HP: 29/29 MP: 3/3
  1286 | D:1      | Reached ** piety under Trog
  1861 | D:2      | Found a broken altar of Ashenzari.
  1920 | D:2      | Noticed a floating eye
  1924 | D:2      | Noticed a great orb of eyes
  1948 | D:2      | Found a faded altar of an unknown god.
  1949 | D:2      | Noticed an eye of devastation
  1949 | D:2      | Noticed a floating eye
  2667 | D:3      | Reached XP level 4. HP: 29/35 MP: 4/4
  2742 | D:3      | Found a runed translucent door.
  2743 | D:3      | Noticed Crazy Yiuf
  2918 | D:3      | Found a broken altar of Ashenzari.
  3410 | D:3      | Killed Crazy Yiuf
  3558 | D:4      | You fall into a shaft and drop 3 floors!
  3562 | D:7      | Noticed a water moccasin
  3563 | D:7      | Noticed a gnoll sergeant
  3580 | D:6      | Noticed a scorpion
  3581 | D:6      | Found a radiant altar of Vehumet.
  3589 | D:6      | Noticed a water moccasin
  3600 | D:6      | Killed a scorpion
  3601 | D:6      | Gained mutation: You have a somewhat thin skeletal
                  | structure. (Dex +2, Stealth+) [demonic ancestry]
  3601 | D:6      | Reached XP level 5. HP: 27/41 MP: 5/5
  3890 | D:6      | HP: 2/41 [shadow imp/nerve-wracking pain (14)]
  3965 | D:6      | Killed a water moccasin
  3966 | D:6      | Reached skill level 5 in Shields
  3966 | D:6      | Reached XP level 6. HP: 16/47 MP: 6/6
  3972 | D:6      | HP: 2/47 [poisoned by a water moccasin]
  4541 | D:5      | Entered Level 5 of the Dungeon
  4556 | D:5      | Reached skill level 3 in Axes
  4904 | D:4      | Found Raabrex's General Store.
  4920 | D:5      | Gained mutation: You have hoof-like feet. [demonic
                  | ancestry]
  4920 | D:5      | Reached XP level 7. HP: 47/53 MP: 7/7
  5062 | D:4      | Found a runed translucent door.
  5064 | D:4      | Noticed 0gre's ghost (amateur GnIE)
  5268 | D:4      | Reached *** piety under Trog
  5269 | D:4      | Reached skill level 4 in Axes
  5633 | D:4      | Found a runed translucent door.
  5815 | D:4      | Reached skill level 5 in Fighting
  6109 | D:4      | Found a blossoming altar of Fedhas.
  6429 | D:5      | Gained mutation: You have a moderately thin skeletal
                  | structure. (Dex +4, Stealth++) [demonic ancestry]
  6429 | D:5      | Reached XP level 8. HP: 63/63 MP: 8/8
  6435 | D:5      | Reached skill level 5 in Axes
  7374 | D:6      | Reached skill level 6 in Axes
  7883 | D:6      | Found Nuysaj's Hydra Hut.
  7889 | D:6      | Noticed an eight-headed hydra
  7938 | D:6      | Gained mutation: You regenerate magic rapidly. [demonic
                  | ancestry]
  7938 | D:6      | Reached XP level 9. HP: 50/72 MP: 9/9
  8175 | D:6      | Reached skill level 7 in Axes
  8765 | D:6      | Reached skill level 8 in Axes
  8980 | D:6      | Reached **** piety under Trog
  9214 | D:7      | Gained mutation: When hurt, damage is shared between your
                  | health and your magic reserves. [demonic ancestry]
  9214 | D:7      | Reached XP level 10. HP: 83/83 MP: 10/10
  9225 | D:7      | Noticed Harold
  9226 | D:7      | Noticed Menkaure
  9251 | D:7      | Killed Harold
  9252 | D:7      | Reached skill level 9 in Axes
  9410 | D:7      | Killed Menkaure
  9651 | D:7      | Found a staircase to the Ecumenical Temple.
  9692 | D:7      | Found the +5 robe of Misfortune {Contam Harm *Corrode Drain
                  | *Slow EV+5}
 10022 | D:6      | Bought a +4 broad axe of flaming for 350 gold pieces
 10508 | D:8      | Found Akiwky's Antique Weapon Shoppe.
 10561 | D:8      | Reached skill level 5 in Armour
 10586 | D:8      | Reached skill level 10 in Axes
 11261 | D:9      | Reached ***** piety under Trog
 11350 | D:9      | Identified the +1 robe of the Blessed Realm {Will+}
 11400 | D:9      | Reached XP level 11. HP: 89/89 MP: 11/11
 11486 | D:9      | Noticed Psyche
 11500 | D:9      | Killed Psyche
 12103 | D:10     | Entered Level 10 of the Dungeon
 12150 | D:10     | You fall into a shaft and drop 3 floors!
 12379 | D:11     | Noticed an orange crystal statue
 12380 | D:11     | Found a staircase to the Orcish Mines.
 12382 | D:11     | Found Tyat's Tempting Trifles.
 12547 | D:10     | Reached skill level 11 in Axes
 12968 | D:10     | Reached skill level 1 in Evocations
 12971 | D:10     | Found a basalt altar of Yredelemnul.
 12972 | D:10     | Identified the +1 chain mail of Rotation {rF+ Stlth+}
 13028 | D:10     | Found a snail-covered altar of Cheibriados.
 13054 | D:10     | Found a staircase to the Lair.
 13129 | D:10     | You fall into a shaft and drop 2 floors!
 13341 | D:10     | Found a sparkling altar of Nemelex Xobeh.
 13425 | Lair:1   | Entered Level 1 of the Lair of Beasts
 13649 | Lair:1   | Noticed a seven-headed hydra
 13657 | Lair:1   | Killed a two-headed hydra
 13724 | Lair:1   | Reached skill level 10 in Fighting
 13790 | Lair:1   | You fall into a shaft and drop 1 floor!
 13790 | Lair:2   | Found the +6 arbalest "Damnation" {damnation}
 14265 | Lair:2   | Received a gift from Trog
 14274 | Lair:2   | Reached skill level 5 in Dodging
 14430 | Lair:2   | Reached XP level 12. HP: 60/97 MP: 12/12
 15945 | Lair:2   | Noticed a death yak
 15968 | Lair:2   | Killed a death yak
 15969 | Lair:2   | Reached skill level 5 in Evocations
 16295 | Lair:3   | Found a staircase to the Shoals.
 16387 | Lair:3   | Found a staircase to the Snake Pit.
 16398 | Lair:3   | Reached skill level 12 in Axes
 16716 | Lair:3   | Noticed a four-headed hydra
 16727 | Lair:3   | Killed a one-headed hydra
 17017 | Lair:3   | Noticed a four-headed hydra
 17022 | Lair:3   | Killed a one-headed hydra
 17289 | Lair:3   | Noticed an eight-headed hydra
 17310 | Lair:3   | Killed a five-headed hydra
 17355 | Lair:3   | Noticed a seven-headed hydra
 17370 | Lair:3   | Noticed a six-headed hydra
 17380 | Lair:3   | Killed a four-headed hydra
 17387 | Lair:3   | Killed a three-headed hydra
 17388 | Lair:3   | Gained mutation: You have an unnaturally thin skeletal
                  | structure. (Dex +6, Stealth+++) [demonic ancestry]
 17388 | Lair:3   | Reached XP level 13. HP: 49/106 MP: 8/13
 18200 | Lair:4   | Received a gift from Trog
 18559 | Lair:4   | Found a dark tunnel.
 18585 | Volcano  | Entered a volcano
 20058 | Lair:4   | Reached skill level 13 in Axes
 20158 | Lair:4   | Noticed Urug
 20176 | Lair:4   | Killed Urug
 21380 | Lair:4   | Gained mutation: Your presence sometimes corrodes those you
                  | injure. [demonic ancestry]
 21380 | Lair:4   | Reached XP level 14. HP: 92/116 MP: 10/14
 21760 | Lair:5   | Received a gift from Trog
 22548 | Lair:5   | Identified the +1 scale mail of Gioc Ota {Drain rElec rC+
                  | Regen+}
 22960 | Lair:6   | Entered Level 6 of the Lair of Beasts
 23421 | Lair:6   | Found a staircase to the Slime Pits.
 23426 | Lair:6   | Found a viscous altar of Jiyva.
 24080 | Lair:6   | Reached skill level 10 in Evocations
 24393 | Lair:6   | Found a large runed translucent door.
 24533 | Lair:6   | Received a gift from Trog
 24820 | Lair:6   | Reached skill level 14 in Axes
 25243 | Lair:6   | Found a large runed translucent door.
 25980 | D:11     | Noticed Ariptu's ghost (journeyman MiFi)
 25981 | D:11     | Noticed a lich
 25982 | D:11     | Noticed a frost giant
 26189 | D:11     | Reached skill level 1 in Stealth
 26285 | D:11     | Found a runed translucent door.
 26291 | D:11     | Gained mutation: A weak demonic guardian rushes to your
                  | aid. [demonic ancestry]
 26291 | D:11     | Reached XP level 15. HP: 104/124 MP: 12/15
 26424 | D:11     | Found a runed translucent door.
 27046 | D:12     | Noticed Sonja
 27071 | D:12     | Killed Sonja
 27112 | D:12     | Noticed Azrael
 27149 | D:12     | Killed Azrael
 27359 | D:12     | Found Akomom's Assorted Antiques.
 27365 | D:12     | Bought a jade-encrusted chain mail for 370 gold pieces
 27365 | D:12     | Identified the +2 chain mail "Ezanil" {Fly Slay+5} (You
                  | bought it in a shop on level 12 of the Dungeon)
 28806 | D:14     | Reached ****** piety under Trog
 28824 | D:14     | Reached skill level 5 in Stealth
 30057 | D:14     | Received a gift from Trog
 30309 | D:14     | Gained mutation: A demonic guardian rushes to your aid.
                  | [demonic ancestry]
 30309 | D:14     | Reached XP level 16. HP: 134/134 MP: 16/16
 30321 | D:14     | Found a gate to the Vaults.
 30642 | D:15     | Entered Level 15 of the Dungeon
 30676 | D:15     | Found a snail-covered altar of Cheibriados.
 30708 | D:15     | Found a staircase to the Depths.
 30725 | D:15     | Reached skill level 1 in Crossbows
 30875 | D:15     | Reached skill level 15 in Axes
 31377 | Orc:1    | Entered Level 1 of the Orcish Mines
 31398 | Orc:1    | Paralysed by an orc sorcerer for 2 turns
 31451 | Orc:1    | Received a gift from Trog
 32046 | Orc:2    | Entered Level 2 of the Orcish Mines
 32228 | Orc:2    | Reached skill level 10 in Dodging
 32242 | Orc:2    | Received a gift from Trog
 32283 | Orc:2    | Noticed Josephine
 32354 | Orc:2    | Killed Josephine
 32737 | Orc:2    | Received a gift from Trog
 32793 | Orc:2    | Paralysed by an orc sorcerer for 4 turns
 33022 | Orc:2    | Found Xaidoo's General Store.
 33023 | Orc:2    | Found Egint's Book Boutique.
 33025 | Orc:2    | Found Heenomip's Antique Armour Boutique.
 33025 | Orc:2    | Found Yptoh's Antique Weapon Shop.
 33085 | Orc:2    | Found a staircase to the Elven Halls.
 33450 | Orc:2    | Bought a pitted chain mail for 190 gold pieces
 33450 | Orc:2    | Identified the +1 chain mail "Diniewn" {rElec Str+3} (You
                  | bought it in a shop on level 2 of the Orcish Mines)
 33450 | Orc:2    | Bought a distressingly furry plate armour for 560 gold
                  | pieces
 33450 | Orc:2    | Identified the +4 plate armour "Uxeruo" {rPois Regen+ Str-5
                  | Dex+4} (You bought it in a shop on level 2 of the Orcish
                  | Mines)
 33678 | Snake:1  | Entered Level 1 of the Snake Pit
 33695 | Snake:1  | Noticed Kirke
 33707 | Snake:1  | Reached skill level 10 in Armour
 33740 | Lair:3   | Killed Kirke
 33839 | Snake:1  | Identified the +11 flail of Quqo Miffi {venom, rC+ Will-
                  | Int+5}
 34013 | Snake:1  | Found Xetoer's Magic Scroll Shop.
 34061 | Snake:1  | Bought a scroll of teleportation for 36 gold pieces
 34061 | Snake:1  | Bought a scroll of blinking for 90 gold pieces
 34061 | Snake:1  | Bought a scroll of fog for 24 gold pieces
 34061 | Snake:1  | Bought a scroll of teleportation for 36 gold pieces
 34061 | Snake:1  | Bought a scroll of fear for 42 gold pieces
 34134 | Snake:1  | Noticed Aizul
 34163 | Snake:1  | HP: 4/134 [Aizul (14)]
 34372 | Snake:1  | HP: 4/134 [poisoned by Aizul (bolt of poison)]
 34372 | Snake:1  | Killed from afar by Aizul

Illustrated notes

Levels and vault maps discovered:
D:1:      erik_arrival_cave_to_civilisation [erik_arrival_cave_to_hall],
          layout_basic
D:2:      layout_basic, basic_altar, hellmonk_ecumenical_altar_watching_god
D:3:      layout_basic, ashenzari_conservatory_becter,
          minmay_misc_feat_enclosed, uniq_crazy_yiuf_cottage
D:4:      layout_loops_ring, mainiacjoe_overflow_chevrons,
          ebering_ghost_sewer_f, serial_shops, nicolae_take_the_stairs
D:5:      layout_loops_ring
D:6:      layout_loops_corners, nicolae_vehumet_radiance, doesnt_shop_hydraphobe
D:7:      layout_basic, minmay_temple_entry_from_below_b, minivault_4,
          uniq_harold, uniq_menkaure
D:8:      layout_basic, serial_shops, shop
D:9:      layout_loops_ring, uniq_psyche
D:10:     layout_basic, lemuel_zombie_altar_yredelemnul, old_standard_altar,
          lemuel_coloured_pillars_altar, lair_entry_dummy
D:11:     layout_basic, orc_0_dummy, muffindrake_ghost_dual_entry, minivault_26,
          minivault_15, nicolae_alphabet_shops, nicolae_lava_and_water,
          nrook_loot_triangle
D:12:     layout_irregular_city, serial_shops, shop, gauntlet_entry_generic,
          uniq_azrael, uniq_sonja
D:13:     minmay_blocking_statues, layout_irregular_city
D:14:     layout_layer_cave, grunt_vaults_entry_tiered
D:15:     hangedman_depths_entry_try_elsewhere_first, layout_rooms,
          cheibriados_altar_1
Lair:1:   layout_loops_ring, grunt_megastairs_2
Lair:2:   layout_concentric_octagons, special_room [special_room_bee]
Lair:3:   nzn_winding_woodlands_medium [nzn_winding_woodlands_5x5_cross,
          nzn_winding_woodlands_5x15_concentric,
          nzn_winding_woodlands_5x5_checkerboard,
          nzn_winding_woodlands_5x5_perimeter,
          nzn_winding_woodlands_center_pierced_h,
          nzn_winding_woodlands_5x5_default,
          nzn_winding_woodlands_5x5_closed_star,
          nzn_winding_woodlands_5x15_cabin,
          nzn_winding_woodlands_5x5_open_star], layout_concentric_octagons,
          elwin_shoals_entry_rocks, minmay_snake_entry_six_corridors
Lair:4:   hangedman_what_comes_after_a, layout_hall_layers,
          nicolae_volcano_entry_batcave, beast_lair_carwin_4,
          grunt_megastairs_5, uniq_urug
Lair:5:   layout_hall_layers
Lair:6:   cheibrodos_lair_end_hotspot, layout_cave_pods, slime_altar_1,
          lemuel_fruit_fields, infiniplex_staircase_pool_2
Snake:1:  cheibrodos_snake_ritualist_ritual, layout_layer_cave, serial_shops,
          shop_statue, serial_bayou_shore_b, serial_bayou_shore_a, uniq_aizul,
          uniq_kirke
Orc:1:    layout_diamond_mine, nicolae_orc_rockfall, minmay_orc_temple_a
Orc:2:    st_orc_congregation, layout_diamond_mine, uniq_josephine

Skill      XL: |  1  2  3  4  5  6  7  8  9 10 11 12 13 14 15 16 |
---------------+-------------------------------------------------+-----
Shields        | 2 3 4 5 |  5.8
Axes           | 3 4 6 8 10 11 12 13 14 15 | 15.5
Fighting       | 5 7 9 10 11 12 13 14 | 14.5
Armour         | 2 6 8 9 10 | 10.1
Dodging        | 5 7 9 10 | 10.1
Evocations     | 4 6 8 10 | 10.3
Stealth        | 1 6 8 |  8.2
Crossbows      | 4 |  4.7

Action                   |  1- 3 |  4- 6 |  7- 9 | 10-12 | 13-15 | 16-18 || total
-------------------------+-------+-------+-------+-------+-------+-------++-------
Melee: Hand axe          |   148 |   111 |    70 |       |       |       ||   329
       Kick              |    23 |    39 |   124 |   198 |   461 |   166 ||  1011
       War axe           |       |       |   199 |    38 |       |       ||   237
       Broad axe         |       |       |       |   476 |  1024 |   443 ||  1943
 Fire: Hand crossbow     |       |       |       |       |     2 |    17 ||    19
Throw: Throwing net      |       |       |       |     1 |       |       ||     1
Invok: Berserk           |     2 |     3 |     6 |     4 |     5 |     3 ||    23
       Trog's Hand       |       |       |       |     2 |     2 |       ||     4
       Brothers in Arms  |       |       |       |       |     2 |       ||     2
Evoke: Lightning rod     |       |       |       |       |       |     1 ||     1
  Use: Scroll            |       |     3 |    10 |    10 |    13 |     1 ||    37
       Potion            |       |     2 |       |     1 |     2 |     7 ||    12
 Stab: Sleeping          |       |       |     5 |    25 |    16 |    10 ||    56
       Held in net/web   |       |       |       |     2 |       |       ||     2
       Distracted        |       |       |       |     1 |     7 |     4 ||    12
Armor: Animal skin       |    34 |     1 |       |       |       |       ||    35
       Chain mail        |       |    66 |    46 |       |    14 |       ||   126
       Acid dragon scale |       |       |    48 |   182 |   265 |       ||   495
       Scale mail        |       |       |       |       |   110 |   138 ||   248
Dodge: Dodged            |    94 |    35 |   119 |   352 |   784 |   335 ||  1719
Block: Buckler           |       |     7 |    73 |   189 |   335 |   138 ||   742
